 Dungeon Crawl Stone Soup version 0.17-a0-2007-g96ac4c4 (webtiles) character file.

2221 deadman1740 the Ruffian (level 9, 0/88 HPs)
             Began as a Troll Monk on Oct 9, 2015.
             Was a Priest of Trog.
             Slain by a yak (9 damage)
             ... on level 6 of the Dungeon.
             The game lasted 00:23:56 (2915 turns).

deadman1740 the Ruffian (Troll Monk)                Turns: 2915, Time: 00:23:56

Health: 0/88       AC:  5    Str: 24    XL:     9   Next: 13%
Magic:  17/17      EV: 13    Int:  2    God:    Trog [***...]
Gold:   149        SH:  0    Dex: 12    Spells: 0 memorised, 8 levels left

rFire  + . .     SeeInvis +       - Unarmed
rCold  . . .     Clarity  .     a - +0 robe
rNeg   . . .     SustAt   .     (no shield)
rPois  .         Gourm    +     (helmet restricted)
rElec  .         Spirit   .     (no cloak)
rCorr  .         Warding  .     (gloves unavailable)
rMut   .         Stasis   .     (boots unavailable)
MR     ++...                    (no amulet)
Stlth  +++.......               u - ring "Erifyr" {*Drain rF+ MP+9 Int-4 SInv}
                                d - ring of stealth

@: lethally poisoned (0 -> -1), exhausted, regenerating, slowed, very slow, very
resistant to hostile enchantments, fairly stealthy
A: unfitting armour, claws 3, fast metabolism 3, gourmand, regeneration 2,
shaggy fur 1, tough skin 2
a: Burn Spellbooks, Berserk, Trog's Hand, Renounce Religion


You were on level 6 of the Dungeon.
You worshipped Trog.
Trog was most pleased with you.
You were full.

You visited 2 branches of the dungeon, and saw 8 of its levels.

You collected 149 gold pieces.

Inventory:

Hand Weapons
 q - a +2 rapier of protection
 v - a +0 falchion
 w - a +0 falchion
Armour
 a - a +0 robe (worn)
 f - a +0 helmet
 s - a +0 pair of gloves
 y - a +0 helmet
 A - a +0 plate armour
Jewellery
 d - a ring of stealth (left claw)
 r - an uncursed ring of invisibility
 u - the ring "Erifyr" (right claw) {*Drain rF+ MP+9 Int-4 SInv}
   (You found it on level 5 of the Dungeon)

   [ring of magical power]

   It affects your intelligence (-4).
   It protects you from fire.
   It affects your magic capacity (+9).
   It lets you see invisible.
   It causes draining when unequipped.
Wands
 t - a wand of magic darts (18)
 x - a wand of draining (7)
 B - a wand of lightning (6)
Scrolls
 c - a scroll of fear {unknown}
 e - a scroll of enchant armour {unknown}
 j - 5 scrolls of identify {unknown}
 m - 2 scrolls of magic mapping {unknown}
 o - 2 scrolls of remove curse {unknown}
 p - a scroll of teleportation {unknown}
Potions
 h - a potion of haste {unknown}
 i - 2 potions of heal wounds {unknown}
 l - 2 potions of curing {unknown}
 n - a potion of magic {unknown}
 C - 2 potions of resistance {unknown}
Books
 E - a book of Party Tricks

   Spells                             Type                      Level
   a - Summon Butterflies             Summoning                    1
   b - Apportation                    Translocation                1
   c - Tukima's Dance                 Hexes                        3
   d - Alistair's Intoxication        Transmutation/Poison         4
   e - Invisibility                   Hexes                        6
   Trog disapproves of the use of such an item.
Comestibles
 b - 7 bread rations
 g - 3 slices of pizza
 k - a royal jelly
 z - 4 fruits
 D - 5 chunks of flesh


   Skills:
 + Level 5.0 Fighting
 + Level 7.1 Dodging
 + Level 2.8 Stealth
 + Level 7.5 Unarmed Combat


You had 8 spell levels left.
You didn't know any spells.

Dungeon Overview and Level Annotations

Branches:
Dungeon (7/15)             Temple (1/1) D:5

Altars:
Ashenzari
Cheibriados
Dithmenos
Fedhas
Gozag
Kikubaaqudgha
Nemelex Xobeh
Ru
Trog
Vehumet
Yredelemnul
Zin
Jiyva

Shops:
D:5 [


Innate Abilities, Weirdness & Mutations

You are too large for most types of armour.
You have claws for hands.
Your metabolism is lightning-fast.
You like to eat raw meat.
You heal very quickly.
You are covered in fur (AC +1).
You have very tough skin (AC +2).


Message History

You feel sick.
The orc warrior hits you from afar with a glaive of venom!
* * * LOW HITPOINT WARNING * * *
The jackal skeleton barely misses you.
You scratch the jackal skeleton.
You feel sick. The jackal skeleton misses you.
You feel sick.
You barely miss the jackal skeleton. The yak gores you!
* * * LOW HITPOINT WARNING * * *
The jackal skeleton closely misses you.
You claw the jackal skeleton!
You destroy the jackal skeleton!
You feel sick. The yak misses you. The orc warrior barely misses you.
The yak misses you. The orc hits you but does no damage.
The orc warrior hits you with a glaive of venom.
* * * LOW HITPOINT WARNING * * *
You are more poisoned.
The yak barely misses you.
You feel sick. The orc warrior completely misses you. The orc misses you.
The yak gores you!
You die...

...####..........### .....
.<................. ......
...####.)........# ......
...####.)).......#######(.....
..............................
.................###.##.......
P..P..####......o.o...†)......
####..#(.#...##.Y.o####.......
#..#..#.)#......@o.##.........
#..#..##'#..####......#.......
##'#..#()#... #....###........
......#..#P.....##...# ##.....
......##'##..### #.#....######
####...#..#..# #..##...
#(.#...').#..# #... .#
#..#...#..# .# #..## #
##'##..####.........###.#


You could see a yak, 2 orc warriors and 2 orcs.

Vanquished Creatures
  The ghost of Hanibal the Insei, a novice OpTm (D:5)
  2 yaks (D:6)
  The ghost of Ordine the Skirmisher, an amateur OpFi (D:3)
  The ghost of krfreak the Conjurer, an amateur TeCj (D:6)
  An orc warrior (D:7)
  2 phantoms
  An ogre (D:5)
  2 giant frogs (D:6)
  A water moccasin zombie (D:5)
  4 scorpions
  A quasit (D:5)
  2 crimson imps (D:5)
  A jelly (D:5)
  2 hounds (D:5)
  An iguana (D:7)
  An orc priest (D:6)
  Terence (D:2)
  2 giant frog skeletons
  4 orc wizards (D:6)
  5 worker ants
  2 worker ant zombies
  9 adders
  An ooze (D:4)
  An adder zombie (D:5)
  2 worms
  2 giant geckos
  8 orcs
  5 bats
  3 giant cockroaches
  4 goblins
  12 hobgoblins
  7 jackals
  4 kobolds
  4 quokkas
  A ball python (D:4)
  A giant cockroach zombie (D:5)
  A giant gecko skeleton (D:5)
  A giant gecko zombie (D:6)
  2 giant newts
  A jackal skeleton (D:6)
  4 rats
  A plant (D:6)
112 creatures vanquished.

Notes
Turn   | Place    | Note
--------------------------------------------------------------
     0 | D:1      | deadman1740 the Troll Monk began the quest for the Orb.
     0 | D:1      | Reached XP level 1. HP: 22/22 MP: 0/0
   150 | D:1      | Reached XP level 2. HP: 29/29 MP: 1/1
   343 | D:2      | Noticed Terence
   362 | D:2      | Killed Terence
   362 | D:2      | Reached XP level 3. HP: 24/36 MP: 2/2
   610 | D:3      | Reached XP level 4. HP: 20/45 MP: 3/3
   752 | D:3      | Found a radiant altar of Vehumet.
   763 | D:3      | Reached skill level 5 in Unarmed Combat
   795 | D:3      | Noticed Ordine's ghost (amateur OpFi)
   847 | D:3      | Noticed a scorpion
   855 | D:3      | Killed Ordine's ghost
   855 | D:3      | Reached XP level 5. HP: 36/53 MP: 4/4
   860 | D:3      | Killed a scorpion
   860 | D:3      | Reached XP level 6. HP: 39/61 MP: 5/5
  1006 | D:4      | Found a basalt altar of Yredelemnul.
  1009 | D:4      | Found an opulent altar of Gozag.
  1011 | D:4      | Found a bloodstained altar of Trog.
  1296 | D:4      | Became a worshipper of Trog the Wrathful
  1296 | D:4      | Acquired Trog's first power
  1296 | D:4      | Acquired Trog's second power
  1317 | D:5      | Entered Level 5 of the Dungeon
  1363 | D:5      | Noticed Hanibal's ghost (novice OpTm)
  1379 | D:5      | Killed Hanibal's ghost
  1379 | D:5      | Reached skill level 6 in Unarmed Combat
  1379 | D:5      | Reached XP level 7. HP: 68/68 MP: 6/6
  1494 | D:5      | Reached skill level 5 in Dodging
  1527 | D:5      | Got a faintly glowing wooden ring
  1654 | D:5      | Reached XP level 8. HP: 69/78 MP: 7/7
  1722 | D:5      | Identified the ring "Erifyr" {*Drain rF+ MP+9 Int-4 SInv} (You found it on level 5 of the Dungeon)
  1732 | D:5      | Found Gosy's Antique Armour Shop.
  1792 | D:5      | Found a staircase to the Ecumenical Temple.
  1855 | Temple   | Entered the Ecumenical Temple
  2417 | D:7      | Reached skill level 7 in Unarmed Combat
  2874 | D:6      | Noticed krfreak's ghost (amateur TeCj)
  2889 | D:6      | Killed krfreak's ghost
  2894 | D:6      | Reached XP level 9. HP: 87/87 MP: 8/8
  2897 | D:6      | Reached skill level 5 in Fighting
  2915 | D:6      | Slain by a yak

Vault maps used:
D:1:      onia_arrival_pyramid
D:2:      uniq_terence
D:3:      overflow_temple_1_default, kennysheep_potato
D:4:      tso_oasis_becter, grunt_temple_overflow_open, first_bread,
          kennysheep_windowed_goal, uniq_pikel
D:5:      minmay_temple_entry_statues_fountains, serial_shops,
          kennysheep_little_box, grunt_decor_one_mirror, minmay_joined_circles
D:6:      corexii_shack_village
D:7:      lemuel_ratsnest, nicolae_overflow_hidden_temple, item_on_display_a,
          uniq_menkaure
Temple:   pf_slimified_temple

Action                   |  1- 3 |  4- 6 |  7- 9 || total
-------------------------+-------+-------+-------++-------
Melee: Unarmed           |    88 |    90 |   211 ||   389
Invok: Berserk           |       |     1 |     8 ||     9
       Trog's Hand       |       |       |     5 ||     5
 Stab: Sleeping          |     1 |     1 |     6 ||     8
  Eat: Chunk             |     4 |     6 |    19 ||    29
       Fruit             |       |       |     6 ||     6
       Meat ration       |       |       |     1 ||     1
